 Dungeon Crawl Stone Soup version 0.24.0-37-gcf1ca852f1 (webtiles) character file.

Game seed: 13335516856416607077, levelgen mode: deterministic

4 Descartes the Grasshopper (level 1, -1/9 HPs)
             Began as a Felid Warper on Nov 30, 2019.
             Slain by a kobold (3 damage)
             ... on level 1 of the Dungeon.
             The game lasted 00:00:30 (26 turns).

Descartes the Grasshopper (Felid Warper)              Turns: 26, Time: 00:00:30

Health: -1/9       AC:  1    Str:  7    XL:     1   Next: 58%
Magic:  4/4        EV: 18    Int: 14    God:
Gold:   0          SH:  0    Dex: 15    Spells: 4/4 levels left
                                        Lives:  0   Deaths: 0

rFire    . . .     SeeInvis +     - Unarmed
rCold    . . .     Gourm    .   (shield unavailable)
rNeg     . . .     Faith    .   (armour unavailable)
rPois    .         Spirit   .   (helmet unavailable)
rElec    .         Reflect  .   (cloak unavailable)
rCorr    .         Harm     .   (gloves unavailable)
MR       .....                  (boots unavailable)
Stlth    ++........             (no amulet)
HPRegen  0.03/turn              (no ring)
MPRegen  0.09/turn              (no ring)

@: quick
A: very small, no armour, no weapons or thrown items, stealth, claws 1, fangs 3,
see invisible, carnivore, speed 1, shaggy fur 1, slow metabolism 1, sharp paws
a: no special abilities


You were on level 1 of the Dungeon.
You were not hungry.

You visited 1 branch of the dungeon, and saw 1 of its levels.

Inventory:

Scrolls
 b - a scroll of blinking
Comestibles
 c - a ration


   Skills:
 + Level 2.0 Fighting
 + Level 3.2 Dodging
 * Level 0.8 Stealth
 * Level 2.1 Unarmed Combat
 + Level 2.0 Spellcasting
   Level 4.4 Translocations


You had 4 spell levels left.
You didn't know any spells.
Your spell library contained the following spells:

 Spells                   Type           Power        Failure   Level  Hunger
 Blink                    Tloc           N/A          6%          2    ###....
 Gell's Gravitas          Tloc           ##........   12%         3    ####...
 Lesser Beckoning         Tloc           ##........   12%         3    ####...
 Teleport Other           Tloc           ##......     12%         3    ####...
 Shroud of Golubria       Chrm/Tloc      #.....       14%         2    ###....
 Passage of Golubria      Tloc           N/A          36%         4    #####..


Dungeon Overview and Level Annotations

Branches:
Dungeon (1/15)

Altars:


Innate Abilities, Weirdness & Mutations

You cannot wear armour.
You are incapable of wielding weapons or throwing items.
Your paws allow you to move quietly. (Stealth)
You have sharp claws.
You have razor-sharp teeth.
You have supernaturally acute eyesight. (SInv)
You are carnivorous and can eat meat at any time.
You cover ground quickly.
You are covered in fur. (AC +1)
You have a slow metabolism.
Your sharp claws are effective at attacking unaware monsters.


Message History

You see here 2 stones.
There is an open door here.
You scratch the leopard gecko but do no damage.
Your bite misses the leopard gecko.
The leopard gecko bites you but does no damage.
You miss the leopard gecko. The leopard gecko misses you.
You barely miss the leopard gecko.
The leopard gecko completely misses you.
You closely miss the leopard gecko. The leopard gecko misses you.
You barely miss the leopard gecko. Your bite misses the leopard gecko.
The leopard gecko completely misses you.
You scratch the leopard gecko but do no damage.
The leopard gecko closely misses you.
You scratch the leopard gecko.
The leopard gecko is almost dead.
The leopard gecko closely misses you.
You scratch the leopard gecko.
You kill the leopard gecko!
You closely miss the kobold. The kobold hits you.
You die...

.......##...####
#.............#####
#...§.......!......
....§≈§≈(...#...≈≈≈≈
##.≈§§§≈≈......≈≈≈≈≈
...≈≈≈≈≈≈?.....≈≈≈≈≈
...§≈§≈≈≈......≈≈≈≈≈
.#.§§≈≈§..##K#..≈≈≈
##§.§...###@##....
##.....+.<>.+ ###
#.#.#.###.## ....#.
#+# ##


You could see a kobold.

Vanquished Creatures
  A dart slug (D:1)
  A leopard gecko (D:1)
2 creatures vanquished.

Notes
Turn   | Place    | Note
-------+----------+-------------------------------------------
     0 | D:1      | Descartes the Felid Warper began the quest for the Orb.
     0 | D:1      | Reached XP level 1. HP: 9/9 MP: 4/4
    26 | D:1      | Slain by a kobold

Levels and vault maps discovered:
D:1:      dpeg_arrival_pits, layout_loops_ring, serial_forest,
          infiniplex_forest_corner_1, infiniplex_forest_lined_3,
          infiniplex_forest_lined_room_, infiniplex_forest_clump_double,
          infiniplex_forest_diagonal, infiniplex_forest_end_3,
          infiniplex_forest_lined_1, infiniplex_forest_clump_diagonal,
          infiniplex_forest_straight_4

Action                   || total
-------------------------++-------
Melee: Unarmed           ||    13
Armor: Skin              ||     2
Dodge: Dodged            ||     7
